[Event "48th Ciutat de Badalona Open 2024"]
[Site "Badalona"]
[Date "2024.08.05"]
[Round "4.9"]
[White "Weingarten, Phineas"]
[Black "Ramos Alvarez, Maximo"]
[Result "1-0"]
[ECO "B45"]
[WhiteElo "1824"]
[BlackElo "1877"]
[Annotator "NA RC"]
[PlyCount "87"]
[EventDate "2024.07.29"]
[EventCountry "ESP"]
[SourceTitle "playchess.com"]
[Source "ChessBase"]
[SourceQuality "1"]
[TimeControl "5400+30"]

1. e4 c5 2. Nf3 e6 3. d4 cxd4 4. Nxd4 Nf6 5. Nc3 Nc6 6. Nxc6 bxc6 7. e5 Nd5 8. Ne4 Bb7 9. c4 Nb4 10. c5 Qh4 11. Qf3 h6 12. g3 Qd8 13. Qb3 Qa5 14. Bd2 Bxc5 15. Nxc5 Qxc5 16. Qxb4 Qxe5+ 17. Be3 Rb8 18. Qc3 Qxc3+ 19. bxc3 c5 20. Rg1 d6 21. Rb1 Kd7 22. Bd3 Bd5 23. Bb5+ Kc7 24. Bd3 Rxb1+ 25. Bxb1 Rb8 26. Kd2 Bxa2 27. Bxa2 Rb2+ 28. Kd3 Rxa2 29. Rb1 Ra4 30. Rb2 g5 31. f4 f6 32. fxg5 fxg5 33. Rf2 Kc6 34. Rf6 Kd5 35. Rxh6 Ra2 36. c4+ Ke5 37. Bxg5 Kf5 38. Be7 Ra1 39. Kc2 Ra4 40. Kb3 Rb4+ 41. Kc3 Rb6 42. Rf6+ Ke5 43. Rf4 Ra6 44. Bf6# 1-0

[Event "48th Ciutat de Badalona Open 2024"]
[Site "Badalona"]
[Date "2024.08.05"]
[Round "4.10"]
[White "Comas Molne, Pau"]
[Black "Ritter Aguilar, Jordi"]
[Result "1-0"]
[ECO "D13"]
[WhiteElo "1860"]
[BlackElo "1807"]
[Annotator "NA RC"]
[PlyCount "113"]
[EventDate "2024.07.29"]
[EventCountry "ESP"]
[SourceTitle "playchess.com"]
[Source "ChessBase"]
[SourceQuality "1"]
[TimeControl "5400+30"]

1. d4 Nf6 2. Nf3 c5 3. c3 cxd4 4. cxd4 d5 5. Nc3 Nc6 6. Bg5 Ne4 7. Bf4 e6 8. e3 Bb4 9. Rc1 Qa5 10. Qb3 Bxc3+ 11. bxc3 O-O 12. Bd3 f5 13. O-O a6 14. Bxe4 fxe4 15. Ne5 Nxe5 16. Bxe5 b5 17. Rc2 Bd7 18. f3 Rac8 19. Bd6 Rf6 20. fxe4 Rxf1+ 21. Kxf1 dxe4 22. Rf2 Qa4 23. Qxa4 bxa4 24. c4 h6 25. c5 Bc6 26. Ke1 Rd8 27. Kd2 Rd7 28. Rf8+ Kh7 29. Kc3 Bd5 30. Kb2 Bc6 31. Ka3 a5 32. Rc8 Bb7 33. Rc7 Rxc7 34. Bxc7 Bc6 35. Bxa5 Kg6 36. Bc3 Kf7 37. Kb4 g6 38. Ka5 Ke7 39. Kb6 Kd7 40. Be1 h5 41. Bh4 a3 42. Be1 Bd5 43. Bb4 Bxa2 44. c6+ Kc8 45. Bxa3 g5 46. Be7 g4 47. g3 Bd5 48. Bg5 Ba2 49. Kc5 Bd5 50. Kd6 Ba2 51. Bf4 Kd8 52. c7+ Kc8 53. Ke7 Bc4 54. Kf6 Kd7 55. Kg6 Be2 56. Kxh5 Bd1 57. Kh4 1-0

[Event "48th Ciutat de Badalona Open 2024"]
[Site "Badalona"]
[Date "2024.08.06"]
[Round "5.1"]
[White "Chavez Suarez, Carlos Alberto"]
[Black "Berdayes Ason, Dylan Isidro"]
[Result "1/2-1/2"]
[ECO "C00"]
[WhiteElo "2279"]
[BlackElo "2476"]
[Annotator "TA"]
[PlyCount "61"]
[EventDate "2024.07.29"]
[EventType "swiss"]
[EventCountry "ESP"]
[SourceTitle "playchess.com"]
[Source "ChessBase"]
[SourceQuality "1"]
[TimeControl "5400+30"]

1. e4 c5 2. Nf3 e6 3. Qe2 Nc6 4. c3 e5 5. g3 g6 6. Bg2 Bg7 7. O-O d6 8. b3 Nge7 9. Bb2 O-O 10. h3 h6 (10... d5 $15 {should be considered.} 11. d3 d4) 11. d4 $11 exd4 12. cxd4 Nxd4 13. Nxd4 cxd4 14. Qd2 Nc6 15. Na3 b6 16. Nc2 Ba6 17. Rfd1 d3 18. Bxg7 Kxg7 19. Ne1 Qf6 {[%emt 0:00:00] Prevents Qc3} 20. Nxd3 Bxd3 21. Qxd3 Rfd8 22. Rac1 Ne5 23. Qd4 {[%emt 0:00:00] [#] aiming for f4.} g5 24. Rc7 (24. Qc3 {with more complications.} h5 25. Rd5 Rdc8 26. Qxc8 Rxc8 27. Rxc8 h4 28. gxh4 gxh4 29. Rc7) 24... Rdc8 {[%emt 0:00:00] The position is equal.} 25. Rxc8 (25. Qxd6 $2 {perishes.} Qxd6 26. Rxd6 Rxc7 $19) 25... Rxc8 26. Qxd6 Qxd6 27. Rxd6 {[%emt 0:00:00] KRB-KRN} Rc1+ 28. Bf1 Rc2 29. a4 Rb2 30. Rd5 Nf3+ 31. Kg2 {[%emt 0:00:00] Weighted Error Value: White=0.06 (flawless) /Black=0.08 (flawless) .  Mistake:       	---       	Black=1      Inaccurate:     	White=1     	Black=2      OK:         	White=9     	Black=9      Best:        	White=3     	Black=1} 1/2-1/2

[Event "48th Ciutat de Badalona Open 2024"]
[Site "Badalona"]
[Date "2024.08.06"]
[Round "5.2"]
[White "Vitier Vazquez, Cristian"]
[Black "Blasco Coll, Andreu"]
[Result "1-0"]
[ECO "E62"]
[WhiteElo "2357"]
[BlackElo "2260"]
[Annotator "RC"]
[PlyCount "69"]
[EventDate "2024.07.29"]
[EventType "swiss"]
[EventCountry "ESP"]
[SourceTitle "playchess.com"]
[Source "ChessBase"]
[SourceQuality "1"]
[TimeControl "5400+30"]

1. Nf3 Nf6 2. c4 g6 3. d4 Bg7 4. g3 O-O 5. Bg2 d6 6. Nc3 Nc6 7. d5 Na5 8. b3 Nxd5 9. Nxd5 Bxa1 10. Bd2 c6 11. Nxe7+ Qxe7 12. Qxa1 Re8 13. O-O b6 14. Ng5 Bf5 15. g4 h6 16. gxf5 hxg5 17. fxg6 fxg6 18. Qd4 Rac8 19. Bc3 Qe5 20. Qd3 Qf5 21. e4 Qf7 22. Qd4 Kh7 23. f4 g4 24. f5 g5 25. Qxd6 c5 26. e5 Rcd8 27. Bd5 Qg7 28. f6 Rxd6 29. fxg7 Rdd8 30. e6 Re7 31. Bf6 Rde8 32. Bxe7 Rxe7 33. Rf7 Rxf7 34. exf7 Kxg7 35. Kg2 1-0

[Event "48th Ciutat de Badalona Open 2024"]
[Site "Badalona"]
[Date "2024.08.06"]
[Round "5.3"]
[White "Vivaan Vishal Shah"]
[Black "Utsab Chatterjee"]
[Result "1/2-1/2"]
[ECO "C89"]
[WhiteElo "2186"]
[BlackElo "2289"]
[Annotator "NA RC"]
[PlyCount "118"]
[EventDate "2024.07.29"]
[EventType "swiss"]
[EventCountry "ESP"]
[SourceTitle "playchess.com"]
[Source "ChessBase"]
[SourceQuality "1"]
[TimeControl "5400+30"]

1. e4 e5 2. Nf3 Nc6 3. Bb5 a6 4. Ba4 Nf6 5. O-O Be7 6. Re1 b5 7. Bb3 O-O 8. c3 d5 9. d4 dxe4 10. Nxe5 Nxe5 11. dxe5 Ng4 12. Qd4 Bf5 13. h3 Nh6 14. Bxh6 gxh6 15. Nd2 c5 16. Qxd8 Raxd8 17. Nxe4 Bxe4 18. Rxe4 Rd2 19. Rg4+ Kh8 20. Rd1 Rxd1+ 21. Bxd1 Rd8 22. Bf3 Rd2 23. b3 f6 24. c4 h5 25. Rh4 fxe5 26. Rxh5 Bf8 27. Rxe5 Rxa2 28. Re8 Kg7 29. g3 Ra3 30. cxb5 axb5 31. Bd5 Ra1+ 32. Kg2 Rd1 33. Re5 Rd2 34. Rf5 Bd6 35. Rg5+ Kf6 36. Rh5 Be5 37. Be4 Bd4 38. Rf5+ Kg7 39. Bd5 Bxf2 40. Kf3 Bd4 41. Rf7+ Kh6 42. Rb7 Kg5 43. h4+ Kf6 44. Rxh7 Rd3+ 45. Kg4 Ke5 46. Rh5+ Kd6 47. Kf4 Bf2 48. Bf3 Rd4+ 49. Kf5 Bxg3 50. Rh6+ Kc7 51. Be4 Rd6 52. Rh7+ Rd7 53. Rh6 Rd6 54. Rh8 Rd8 55. Rxd8 Kxd8 56. h5 Ke7 57. h6 Kf8 58. Bd5 Bf2 59. Bc6 c4 1/2-1/2

[Event "48th Ciutat de Badalona Open 2024"]
[Site "Badalona"]
[Date "2024.08.06"]
[Round "5.4"]
[White "Nagare Kaivalya Sandip"]
[Black "Gutierrez Espinosa, Karen"]
[Result "1-0"]
[ECO "B07"]
[WhiteElo "2273"]
[BlackElo "2054"]
[Annotator "NA RC"]
[PlyCount "87"]
[EventDate "2024.07.29"]
[EventType "swiss"]
[EventCountry "ESP"]
[SourceTitle "playchess.com"]
[Source "ChessBase"]
[SourceQuality "1"]
[TimeControl "5400+30"]

1. e4 d6 2. d4 Nf6 3. Nc3 c6 4. Nf3 Qa5 5. Bd3 e5 6. h3 Be7 7. O-O Nbd7 8. Ne2 O-O 9. Ng3 g6 10. c3 Kg7 11. Qd2 Ng8 12. b4 Qd8 13. Bb2 Bf6 14. Rad1 h6 15. c4 Qe7 16. Rfe1 b6 17. Bf1 c5 18. bxc5 bxc5 19. dxe5 dxe5 20. Ne2 Nb6 21. Nc3 Bb7 22. Nd5 Bxd5 23. exd5 e4 24. Ba3 Na4 25. Qc2 Qd7 26. Nd2 Bd4 27. Nb3 Bf6 28. Nxc5 Nxc5 29. Bxc5 Rfc8 30. Ba3 Rab8 31. c5 Ne7 32. Qxe4 Nf5 33. c6 Qc7 34. Qa4 Rd8 35. Bc5 a5 36. Qe4 Rb2 37. d6 Nxd6 38. Qf4 Nb5 39. Qxc7 Nxc7 40. Rxd8 Bxd8 41. Bd4+ Bf6 42. Bxb2 Bxb2 43. Re7 Nd5 44. Rd7 1-0

[Event "48th Ciutat de Badalona Open 2024"]
[Site "Badalona"]
[Date "2024.08.06"]
[Round "5.5"]
[White "Cruz, Filemon"]
[Black "Luna Cortes, Luis"]
[Result "1-0"]
[ECO "A06"]
[WhiteElo "2249"]
[BlackElo "2173"]
[Annotator "ChessBase"]
[PlyCount "91"]
[EventDate "2024.07.29"]
[EventType "swiss"]
[EventCountry "ESP"]
[SourceTitle "playchess.com"]
[Source "ChessBase"]
[SourceQuality "1"]
[TimeControl "5400+30"]

1. Nf3 d5 2. g3 Nf6 3. Bg2 e6 4. O-O Be7 5. b3 O-O 6. Bb2 Ne8 7. c4 dxc4 8. bxc4 c5 9. Nc3 Nc6 10. d3 Nc7 11. Nd2 Bd7 12. Nb3 Rb8 13. Qd2 f5 14. f4 a6 15. e4 g6 16. exf5 gxf5 17. g4 Be8 18. gxf5 Rxf5 19. Ne4 Bg6 20. Qe3 Qf8 21. Bh3 Rh5 22. Bg4 Rh4 23. Qg3 Rxg4 24. Qxg4 Qf5 25. Qxf5 Bxf5 26. Kf2 b5 27. Kf3 a5 28. Rg1+ Bg6 29. Be5 Nxe5+ 30. fxe5 bxc4 31. dxc4 Na6 32. Nxa5 Rb2 33. Nc6 Bf8 34. Rab1 Rxh2 35. Rb7 Kh8 36. Nf6 Nb4 37. Nxb4 cxb4 38. Rd1 Rh3+ 39. Kg2 Rd3 40. Rxd3 Bxd3 41. Rd7 Bb1 42. Rc7 Bh6 43. c5 Be3 44. c6 Bd4 45. Rc8+ Kg7 46. Rg8+ 1-0

[Event "48th Ciutat de Badalona Open 2024"]
[Site "Badalona"]
[Date "2024.08.06"]
[Round "5.6"]
[White "Vidarte Morales, Arturo"]
[Black "Pimpalkhare Vedant"]
[Result "1/2-1/2"]
[ECO "E05"]
[WhiteElo "2166"]
[BlackElo "2191"]
[Annotator "NA RC"]
[PlyCount "35"]
[EventDate "2024.07.29"]
[EventType "swiss"]
[EventCountry "ESP"]
[SourceTitle "playchess.com"]
[Source "ChessBase"]
[SourceQuality "1"]
[TimeControl "5400+30"]

1. Nf3 d5 2. g3 Nf6 3. Bg2 e6 4. O-O Be7 5. c4 O-O 6. d4 dxc4 7. Qc2 b6 8. Qxc4 Bb7 9. Nc3 Nbd7 10. Bf4 c5 11. Rfd1 Qc8 12. Rac1 Nd5 13. dxc5 bxc5 14. Nxd5 Bxd5 15. Qc2 Qb7 16. Ng5 Bxg5 17. Bxd5 exd5 18. Bxg5 1/2-1/2

[Event "48th Ciutat de Badalona Open 2024"]
[Site "Badalona"]
[Date "2024.08.06"]
[Round "5.7"]
[White "Diaz Perez, Michel Alejandro"]
[Black "Vaibhav Jayant Raut"]
[Result "1/2-1/2"]
[ECO "E12"]
[WhiteElo "2487"]
[BlackElo "2101"]
[Annotator "TA"]
[PlyCount "104"]
[EventDate "2024.07.29"]
[EventType "swiss"]
[EventCountry "ESP"]
[SourceTitle "playchess.com"]
[Source "ChessBase"]
[SourceQuality "1"]
[TimeControl "5400+30"]

1. d4 Nf6 2. c4 e6 3. a3 b6 4. Nc3 Bb7 5. Nf3 d5 6. Bg5 Be7 7. Bxf6 Bxf6 8. cxd5 exd5 9. g3 O-O 10. Bg2 Nd7 11. O-O Re8 12. Rc1 a6 {Prevents Nb5.} 13. e3 b5 14. Ne1 Nb6 15. Nd3 c6 16. Nc5 Bc8 17. b3 Ra7 18. Re1 Bf5 19. Qd2 a5 20. a4 b4 21. Ne2 Nc8 22. Nd3 Qb6 {[%emt 0:00:00] [#]} 23. Ne5 $1 Rc7 (23... Ne7 24. Nd3) 24. g4 Be6 25. h3 Bxe5 26. dxe5 h5 27. gxh5 $16 c5 {[%emt 0:00:00] Prevents Qd4} 28. h6 {[%emt 0:00:00] Strongly threatening hxg7.} (28. Bxd5 Rd7 29. Nf4 Ne7 $11) 28... g6 29. Nf4 {[%emt 0:00:00] White is more active.} Ne7 {[%emt 0:00:00] [#]} (29... Rd7 $16 {was called for.}) 30. e4 $1 $18 (30. Nxd5 $6 Nxd5 31. Bxd5 Rd7) 30... dxe4 {[%emt 0:00:00] [#]} 31. Nh5 $1 Kh8 {[%emt 0:02:30] [#]} (31... gxh5 $2 32. Qg5+ Ng6 33. Qf6 $18) 32. Qg5 Bxb3 {[%emt 0:00:00] ...Nf5 is the strong threat.} 33. Rxe4 {[%emt 0:03:00][%cal Oe5e6] And now e6! would win.} (33. Nf6 Rec8 $11) 33... Nf5 34. Nf6 $36 {[%emt 0:00:00][%mdl 2048] White has strong initiative.} Re6 {[%emt 0:00:00][%mdl 8192] [#]} (34... Rf8 $16) 35. h4 $1 Rce7 (35... Ne7 $142 36. Rf4 c4) 36. h5 Rxe5 37. hxg6 fxg6 38. Rxe5 (38. Nd7 Qd6 39. Rxe5 (39. Nxe5 Rxe5 40. Rce1 Rxe4 $18) 39... Rxe5 $16) 38... Rxe5 39. Nd7 (39. Qxg6 $142 Re7 40. Qxf5) 39... Qd6 40. Nxe5 Qxe5 41. Bh3 $2 (41. Qxg6 $18 {aiming for Qg5.} c4 42. Qf7) 41... c4 $11 {[%emt 0:00:57] The position is equal.} 42. Bxf5 Qxf5 {[%emt 0:01:59][%mdl 4096] Endgame. KQR-KQB} 43. Qd8+ Kh7 44. Re1 Qg4+ (44... Bxa4 $2 45. Qh4 Qf7 46. Re7 $18) (44... Kxh6 $2 45. Qh8+ Kg5 46. Re5 Bxa4 47. Qd8+ (47. Rxf5+ Kxf5 48. Qc8+ Ke5 $18) 47... Kh5 48. Rxf5+ $18) 45. Kh2 {[%emt 0:00:00] White threatens Qf6 and mate.} (45. Kf1 $5 Qh3+ $8 (45... Bxa4 $2 46. Re7+ Kxh6 47. Qf8+ Kg5 48. Re5+ $18) (45... Kxh6 $2 46. Qh8+ Kg5 47. Re5+ $18) (45... c3 $2 46. Re7+ Kxh6 47. Qh8+ Kg5 48. Re5+ $18) 46. Kg1 Qg4+ (46... Bxa4 47. Re7+ Kxh6 48. Qh8+ Kg5 49. Qxh3 Kf6 50. Qe3 Kf5 51. Rf7+ Kg4 52. Qg3+ Kh5 53. Rh7#) 47. Kh2 Qf4+ (47... Bxa4 $2 48. Re7+ Kxh6 49. Qf8+ Kg5 50. Re5+ $18) (47... Kxh6 $2 48. Qh8+ Kg5 49. Re5+ Kf4 50. Qf6+ $18) 48. Kg2 Qg4+ (48... Bxa4 49. Qe7+) (48... Kxh6 $2 49. Qh8+ Kg5 50. Re5+ $18) 49. Kh2 Qf4+ (49... Bxa4 $2 50. Re7+ Kxh6 51. Qf8+ Kg5 52. Re5+ $18) (49... Kxh6 $2 50. Qh8+ Kg5 51. Re5+ Kf4 52. Qf6+ $18) 50. Kg2 Qg4+ (50... Bxa4 51. Qe7+) (50... Kxh6 $2 51. Qh8+ Kg5 52. Re5+ $18) 51. Kh2 $11) 45... Qf4+ (45... Bxa4 $2 46. Re7+ Kxh6 47. Qf8+ (47. Qxa5 $2 Bc6 $19) (47. Qh8+ Kg5 $18) 47... Kg5 48. Re5+ $18) (45... Kxh6 $2 46. Qf8+ (46. Qxa5 c3 $15) (46. Qh8+ Kg5 $18) 46... Kg5 47. Re5+ $18) 46. Kg2 {[%emt 0:00:00] Threatening mate with Qe7+.} Qg4+ $1 (46... Bxa4 47. Qe7+ (47. Qxa5 Bc6+ 48. Kf1 Be4 $11) (47. Qxa5 Bc6+ 48. Kf1 Qd6 $11)) (46... Kxh6 $2 47. Qh8+ (47. Qxa5 c3 $15) 47... Kg5 48. Re5+ $18) 47. Kf1 (47. Kh2 $5 Qf4+ $8 (47... Bxa4 $2 48. Re7+ Kxh6 49. Qf8+ Kg5 50. Re5+ $18) (47... Kxh6 $2 48. Qf8+ Kg5 49. Re5+ $18) 48. Kg1 Qg4+ (48... Bxa4 $2 49. Re7+ Kxh6 50. Qh8+ Kg5 51. Re5+ Kg4 52. Qc8+ Kh4 53. Qd8+ Kg4 54. Re3 $18) (48... Kxh6 $2 49. Qh8+ Kg5 50. Re5+ Kg4 51. Qc8+ Kh4 52. Qd8+ g5 53. Re3 $18) 49. Kf1 Qh3+ (49... Bxa4 $2 50. Re7+ Kxh6 51. Qf8+ Kg5 52. Re5+ $18) (49... Kxh6 $2 50. Qh8+ Kg5 51. Re5+ $18) (49... c3 $2 50. Re7+ Kxh6 51. Qh8+ Kg5 52. Re5+ $18) 50. Kg1 Qg4+ $11 (50... Bxa4 51. Re7+ Kxh6 52. Qh8+ Kg5 53. Qxh3 Kf6 54. Qe3 Kf5 55. Rf7+ Kg4 56. Qg3+ Kh5 57. Rh7#)) 47... Qh3+ $1 (47... Bxa4 $2 48. Re7+ Kxh6 49. Qf8+ (49. Qxa5 $2 Qh3+ 50. Ke1 Qh1+ 51. Ke2 Bd1+ 52. Ke3 Qe1+ 53. Kd4 Qxe7 $19) 49... Kg5 50. Re5+ $18) (47... Kxh6 $2 48. Qh8+ (48. Qxa5 $2 c3 $19) 48... Kg5 49. Re5+ $18) (47... c3 $2 48. Re7+ Kxh6 49. Qh8+ (49. Qxa5 Bc4+) 49... Kg5 50. Re5+ $18) 48. Ke2 (48. Kg1 $5 Qg4+ $8 (48... Bxa4 49. Re7+ Kxh6 50. Qh8+ Kg5 51. Qxh3 Kf6 52. Qe3 Kf5 53. Rf7+ Kg4 54. Qg3+ Kh5 55. Rh7#) 49. Kh2 Qf4+ (49... Bxa4 $2 50. Re7+ Kxh6 51. Qf8+ Kg5 52. Re5+ $18) (49... Kxh6 $2 50. Qh8+ Kg5 51. Re5+ Kf4 52. Qf6+ $18) 50. Kg2 Qg4+ (50... Bxa4 51. Qe7+) (50... Kxh6 $2 51. Qh8+ Kg5 52. Re5+ $18) 51. Kh2 $11) 48... Qe6+ {[%emt 0:01:01][%mdl 1024] Black has compensation.} (48... Bxa4 49. Qe7+ Kxh6 50. Qf8+ Kh7 51. Qf7+ Kh6 52. Qf4+ g5 53. Qxc4) (48... Qxh6 49. Qc7+ (49. Qxa5 Qh4 $16) 49... Kh8 50. Qb8+ (50. Qxa5 Qh3 $16) 50... Kg7 51. Qb7+ Kf6 52. Qf3+ Kg7 (52... Ke5 53. Kf1+ Kd6 54. Qf6+ Kc5 55. Re5+ Kd4 56. Re3+ Kc5 57. Qe7+ Kd5 58. Qd7+ Kc5 59. Re5+ Kb6 60. Re6+ Kc5 61. Qd6#) 53. Rh1 $18 (53. Qb7+ Kf6 $18)) 49. Kf1 {[%emt 0:00:00] Dancing on a razor blade.} Qh3+ 50. Kg1 {[%emt 0:00:00] White wants to mate with Re7+.} Qg4+ (50... Bxa4 51. Re7+ (51. Qxa5 Qg4+ 52. Kf1 Qh3+ 53. Kg1 Qg4+ 54. Kf1 Qh3+ 55. Kg1 $11) 51... Kxh6 52. Qh8+ (52. Qxa5 $2 Bc6 $19) 52... Kg5 53. Qxh3 Kf6 54. Qe3 Kf5 55. Rf7+ Kg4 56. Qg3+ Kh5 57. Rh7#) 51. Kh2 {[%emt 0:00:00] Intending Qf6 and mate.} (51. Kf1 $5 Qh3+ $8 $11 (51... Bxa4 $2 52. Re7+ Kxh6 53. Qf8+ Kg5 54. Re5+ $18) (51... Kxh6 $2 52. Qh8+ Kg5 53. Re5+ $18) (51... c3 $2 52. Re7+ Kxh6 53. Qh8+ Kg5 54. Re5+ $18)) 51... Qf4+ (51... Bxa4 $2 52. Re7+ Kxh6 53. Qf8+ (53. Qxa5 $2 Bc6 $19) (53. Qh8+ Kg5 $18) 53... Kg5 54. Re5+ $18) (51... Kxh6 $2 52. Qf8+ (52. Qxa5 c3 $15) (52. Qh8+ Kg5 $18) 52... Kg5 53. Re5+ $18) 52. Kg1 (52. Kg2 $5 Qg4+ $8 (52... Bxa4 53. Qe7+) (52... Kxh6 53. Qh8+ Kg5 54. Re5+) 53. Kh2 $11) 52... Qg4+ {[%emt 0:00:06] Black defended with fortune.   Weighted Error Value: White=0.24 (precise) /Black=0.35.  Loses game:     	---       	Black=1      Missed win:     	White=1     	---        Mistake:       	---       	Black=3      Inaccurate:     	White=2     	Black=3      OK:         	White=20    	Black=14     Best:        	White=3     	Black=5      Strong:       	White=1     	Black=2} (52... Bxa4 53. Re7+ Kxh6 54. Qh8+ Kg5 55. Re5+ Kg4 56. Qc8+ Kh4 57. Qd8+ Kg4 58. Re3 $18) (52... Kxh6 $2 {is the wrong capture.} 53. Qh8+ Kg5 54. Re5+ Kg4 55. Qc8+ Kh4 56. Qd8+ Kg4 57. Qd7+ $18) 1/2-1/2

[Event "48th Ciutat de Badalona Open 2024"]
[Site "Badalona"]
[Date "2024.08.06"]
[Round "5.8"]
[White "Pawar, Harshit"]
[Black "Deepak Ambattu, Rithvik"]
[Result "0-1"]
[ECO "B23"]
[WhiteElo "2284"]
[BlackElo "2079"]
[Annotator "NA RC"]
[PlyCount "94"]
[EventDate "2024.07.29"]
[EventType "swiss"]
[EventCountry "ESP"]
[SourceTitle "playchess.com"]
[Source "ChessBase"]
[SourceQuality "1"]
[TimeControl "5400+30"]

1. e4 c5 2. Nc3 Nc6 3. Bb5 Nd4 4. Bc4 e6 5. Nge2 Nf6 6. O-O a6 7. a4 d5 8. exd5 exd5 9. Ba2 Ne6 10. d3 Bd6 11. Ng3 h5 12. Re1 Kf8 13. Nf1 g6 14. Nxd5 Nxd5 15. Bxd5 Bxh2+ 16. Nxh2 Qxd5 17. Qf3 Qxf3 18. Nxf3 f6 19. Be3 Bd7 20. Nd2 Bc6 21. Nb3 Kf7 22. Bxc5 h4 23. Be3 h3 24. f3 Rh5 25. g4 Rh4 26. Kf2 Rah8 27. Na5 f5 28. Nc4 h2 29. Rh1 fxg4 30. Ne5+ Kf6 31. Nxg4+ Kf5 32. Nh6+ R8xh6 33. Bxh6 Rxh6 34. Kg3 Nd4 35. c3 Ne2+ 36. Kf2 Nf4 37. Ke3 Rh3 38. Raf1 Ng2+ 39. Kd4 Kf4 40. Kc5 Bxf3 41. d4 Ne3 42. Rf2 Kg3 43. Rhxh2 Rxh2 44. Rxh2 Kxh2 45. c4 g5 46. d5 Nxd5 47. cxd5 g4 0-1

[Event "48th Ciutat de Badalona Open 2024"]
[Site "Badalona"]
[Date "2024.08.06"]
[Round "5.9"]
[White "Weingarten, Phineas"]
[Black "Comas Molne, Pau"]
[Result "1-0"]
[ECO "B27"]
[WhiteElo "1824"]
[BlackElo "1860"]
[Annotator "NA RC"]
[PlyCount "141"]
[EventDate "2024.07.29"]
[EventType "swiss"]
[EventCountry "ESP"]
[SourceTitle "playchess.com"]
[Source "ChessBase"]
[SourceQuality "1"]
[TimeControl "5400+30"]

1. e4 c5 2. Nf3 g6 3. d4 cxd4 4. Qxd4 Nf6 5. e5 Nc6 6. Qc4 d5 7. exd6 Qxd6 8. Be2 Be6 9. Qh4 Qb4+ 10. Qxb4 Nxb4 11. Na3 Bf5 12. Bb5+ Nd7 13. Nd4 O-O-O 14. Nxf5 gxf5 15. c3 Nd5 16. Nc4 Bg7 17. Ne3 Nxc3 18. Nxf5 Nxb5 19. Nxg7 Nd4 20. Bf4 e5 21. Rc1+ Kb8 22. Be3 Rhg8 23. Nh5 Rxg2 24. Bxd4 exd4 25. Ng3 Ne5 26. Kf1 Rxg3 27. hxg3 Nd3 28. Rb1 f5 29. Rxh7 f4 30. Rd1 Nxb2 31. Rd2 Nc4 32. Rd3 fxg3 33. fxg3 Rf8+ 34. Ke2 Re8+ 35. Kf2 Rd8 36. Rh4 Ne5 37. Rdxd4 Rf8+ 38. Ke3 Re8 39. Rde4 Nc4+ 40. Kd4 Rc8 41. Rh7 Nd6 42. Rf4 Nb5+ 43. Ke3 Nd6 44. Kd4 Nb5+ 45. Kd3 Rc3+ 46. Kd2 Rc8 47. Rfh4 Nd6 48. Rd7 Nc4+ 49. Kd1 Ne5 50. Rdh7 Rd8+ 51. Kc2 Rc8+ 52. Kb3 Nf3 53. Rh1 Nd4+ 54. Kb2 Rc2+ 55. Kb1 a5 56. R7h4 Rc4 57. a3 Nb5 58. a4 Rxa4 59. Rxa4 Nc3+ 60. Kc2 Nxa4 61. Ra1 b5 62. g4 Kc7 63. g5 Nc5 64. g6 Ne6 65. Rg1 Ng7 66. Rf1 Kb6 67. Rf7 Nh5 68. g7 Nxg7 69. Rxg7 a4 70. Kc3 Ka5 71. Rg5 1-0

[Event "48th Ciutat de Badalona Open 2024"]
[Site "Badalona"]
[Date "2024.08.06"]
[Round "5.10"]
[White "Lozano Ruiz, David"]
[Black "Perez Berenguer, Valentin"]
[Result "1-0"]
[ECO "A85"]
[WhiteElo "1894"]
[BlackElo "1821"]
[Annotator "NA RC"]
[PlyCount "81"]
[EventDate "2024.07.29"]
[EventType "swiss"]
[EventCountry "ESP"]
[SourceTitle "playchess.com"]
[Source "ChessBase"]
[SourceQuality "1"]
[TimeControl "5400+30"]

1. d4 e6 2. c4 f5 3. Nc3 Nf6 4. Bf4 d6 5. Nf3 Be7 6. Qc2 O-O 7. e3 Qe8 8. Bd3 Nc6 9. a3 Qh5 10. h3 a6 11. O-O-O Qe8 12. g4 g6 13. Bh6 Rf7 14. Ng5 Ne4 15. Nxf7 Nxc3 16. Qxc3 Qxf7 17. gxf5 exf5 18. h4 Bf6 19. Qc2 Ne7 20. Rdg1 Bd7 21. h5 b5 22. Bg5 bxc4 23. Bxc4 d5 24. hxg6 hxg6 25. Bxf6 Qxf6 26. Bd3 Rb8 27. f4 Rb6 28. Qh2 Qg7 29. Rg3 Kf7 30. Qh7 a5 31. Rgh3 Rc6+ 32. Kb1 Re6 33. Qh4 Qf6 34. Qe1 Nc6 35. Qc3 Re8 36. Rh7+ Ke6 37. Bb5 Ne7 38. Qxa5 Bxb5 39. Qxb5 Rc8 40. Qa6+ c6 41. Rxe7+ 1-0

[Event "48th Ciutat de Badalona Open 2024"]
[Site "Badalona"]
[Date "2024.08.07"]
[Round "6.1"]
[White "Berdayes Ason, Dylan Isidro"]
[Black "Vitier Vazquez, Cristian"]
[Result "1-0"]
[ECO "D12"]
[WhiteElo "2476"]
[BlackElo "2357"]
[Annotator "RC"]
[PlyCount "53"]
[EventDate "2024.07.29"]
[EventType "swiss"]
[EventCountry "ESP"]
[SourceTitle "playchess.com"]
[Source "ChessBase"]
[SourceQuality "1"]
[TimeControl "5400+30"]

1. c4 c6 2. d4 d5 3. Nf3 Nf6 4. e3 Bf5 5. Nc3 e6 6. Nh4 Be4 7. f3 Bg6 8. Bd2 dxc4 9. Bxc4 b5 10. Be2 Nbd7 11. Nxg6 hxg6 12. Qc2 a6 13. Ne4 Rc8 14. a4 Nxe4 15. fxe4 c5 16. d5 c4 17. axb5 axb5 18. dxe6 fxe6 19. O-O Qh4 20. h3 Bd6 21. e5 Nxe5 22. Ra6 Qe7 23. Bc3 Rf8 24. Rd1 Nd3 25. Bxd3 cxd3 26. Qxd3 b4 27. Rxd6 1-0

[Event "48th Ciutat de Badalona Open 2024"]
[Site "Badalona"]
[Date "2024.08.07"]
[Round "6.2"]
[White "Nagare Kaivalya Sandip"]
[Black "Chavez Suarez, Carlos Alberto"]
[Result "1-0"]
[ECO "B06"]
[WhiteElo "2273"]
[BlackElo "2279"]
[Annotator "RC"]
[PlyCount "113"]
[EventDate "2024.07.29"]
[EventType "swiss"]
[EventCountry "ESP"]
[SourceTitle "playchess.com"]
[Source "ChessBase"]
[SourceQuality "1"]
[TimeControl "5400+30"]

1. e4 g6 2. d4 Bg7 3. Nc3 d5 4. exd5 Nf6 5. Bb5+ Bd7 6. Be2 O-O 7. Bf3 Re8 8. Nge2 Bg4 9. Bxg4 Nxg4 10. Nf4 Nf6 11. O-O Nbd7 12. Qf3 Nb6 13. Re1 Qd7 14. Nd3 Nfxd5 15. Ne5 Qf5 16. Nxd5 Qxf3 17. Nxf3 Nxd5 18. Bd2 e6 19. c4 Nb6 20. b3 Red8 21. Be3 Nc8 22. Rad1 Nd6 23. Bf4 c6 24. d5 cxd5 25. cxd5 exd5 26. Rxd5 Nf5 27. Red1 Re8 28. Rd7 Re4 29. g3 b6 30. Ng5 Rd4 31. R1xd4 Nxd4 32. Nxf7 Ne2+ 33. Kg2 Nxf4+ 34. gxf4 Rf8 35. Ng5 Bb2 36. Rxa7 h6 37. Ne6 Rf6 38. Nc7 Rf7 39. Ra8+ Kg7 40. Nd5 Bd4 41. Ra4 Bc5 42. b4 Bd4 43. b5 Bc5 44. Kf3 Rd7 45. Ke4 Bxf2 46. Ra6 Rb7 47. Ke5 Bc5 48. a4 h5 49. Ra8 Rf7 50. Rc8 Bg1 51. h3 g5 52. fxg5 Rf3 53. Ke4 Rxh3 54. Rc7+ Kf8 55. g6 Rg3 56. Rf7+ Kg8 57. Nf6+ 1-0